 Dungeon Crawl Stone Soup version 0.28-a0-1312-g71652a0310 (webtiles) character file.

Game seed: 7295929498244622730

147 gimp the Gusty (level 4, -6/35 HPs)
             Began as a Demigod Wanderer on Dec 27, 2021.
             Engulfed by a steam dragon's steam (12 damage)
             ... on level 3 of the Dungeon.
             The game lasted 00:08:02 (4857 turns).

gimp the Gusty (Demigod Wanderer)                   Turns: 4857, Time: 00:08:02

Health: -6/35      AC:  3    Str: 10    XL:     4   Next: 81%
Magic:  8/10       EV: 11    Int: 20    God:
Gold:   91         SH:  0    Dex: 14    Spells: 5/7 levels left

rFire   . . .      SeeInvis .   a - +0 dagger
rCold   . . .      Faith    .   (no shield)
rNeg    . . .      Spirit   .   r - +0 leather armour
rPois   .          Reflect  .   (no helmet)
rElec   .          Harm     .   j - scarf {repulsion}
rCorr   .          Rampage  .   (no gloves)
Will    .....                   (no boots)
Stlth   ++........              (no amulet)
HPRegen 0.11/turn               (no ring)
MPRegen 0.12/turn               (no ring)

@: repel missiles
A: high mp 1, forlorn, divine attributes
a: no special abilities


You were on level 3 of the Dungeon.
You visited 1 branch of the dungeon, and saw 3 of its levels.

You collected 91 gold pieces.

Inventory:

Hand Weapons
 a - a +0 dagger (weapon)
Missiles
 b - 2 atropa-tipped darts (quivered)
 c - 2 datura-tipped darts
 q - 17 poisoned darts
Armour
 j - a scarf of repulsion (worn)
 r - a +0 leather armour (worn)
Scrolls
 e - 4 scrolls of identify {unknown}
 f - a scroll of fear {unknown}
 h - a scroll of amnesia {unknown}
 i - a scroll of teleportation {unknown}
 k - a scroll of noise {unknown}
 o - a scroll of enchant weapon {unknown}
Potions
 d - a potion of magic {unknown}
 g - 5 potions of lignification {unknown}
 l - a potion of heal wounds {unknown}
 m - a potion of might {unknown}
 n - 2 potions of flight {unknown}
 p - a potion of haste {unknown}


   Skills:
 - Level 1.0 Fighting
 - Level 1.0 Armour
 - Level 1.0 Dodging
 - Level 3.6 Stealth
 - Level 2.2 Spellcasting
 + Level 1.6 Conjurations
 * Level 3.7 Air Magic


You had 5 spell levels left.
You knew the following spells:

 Your Spells              Type           Power      Damage    Failure   Level
a - Static Discharge      Conj/Air       12%        N/A       11%         2

Your spell library contained the following spells:

 Spells                   Type           Power      Damage    Failure   Level
 Corpse Rot               Necr/Air       18%        N/A       16%         2


Dungeon Overview and Level Annotations

Branches:
Dungeon (3/15)


Innate Abilities, Weirdness & Mutations

You have an increased reservoir of magic. (+10% MP)
You shall have no god before yourself.
Your divine heritage dramatically boosts your attributes as you level up.


Message History

A rat comes into view.
There is an open door here.
The rat closely misses you.
You hit the rat.
The rat is heavily wounded.
The rat bites you.
You take 2 damage, and have 33/35 hp.
You hit the rat but do no damage.
The rat is heavily wounded.
The rat closely misses you.
You barely miss the rat.
The rat is heavily wounded.
The rat barely misses you.
You hit the rat.
You kill the rat!
You see here a rat corpse.
There is an open door here.
You open the door.
There is an open door here.
A steam dragon comes into view.
Health restored: 35 An endoplasm comes into view.
The helpless steam dragon fails to defend itself.
You puncture the steam dragon!
The steam dragon is heavily wounded.
The steam dragon breathes steam at you. The ball of steam hits you!!
Ouch! That really hurt!
* * * LOW HITPOINT WARNING * * *
The endoplasm quivers.
You take 26 damage, and have 9/35 hp.
MASSIVE DAMAGE!!
Casting: Static Discharge (safe; 11% risk of failure)
Confirm with . or Enter, or press ? or * to list all spells.
The steam dragon is struck by an arc of lightning.
The steam dragon is heavily wounded.
You are struck by an arc of lightning.
* * * LOW HITPOINT WARNING * * *
The lightning grounds out.
You are engulfed in a cloud of scalding steam.
You die...

######### #.......#
#.#####.# #...#.#.#
#....<#.#
######.....#.#####
#ยง...'.....'......
#@####.....#......
#D# #.....#.#####
#.# #........(...
#'# #............
... #............
... #....(.......
... #............


'J... #.....#'##### ##+####...... You could see a steam dragon (catching breath)
and an endoplasm.

Vanquished Creatures
  2 orc wizards (D:3)
  3 gnolls
  3 dart slugs
  4 orcs
  4 ball pythons
  5 bats
  4 endoplasms
  4 giant cockroaches
  4 goblins
  4 hobgoblins
  9 jackals
  2 frilled lizards (D:2)
  2 kobolds (D:1)
  9 rats
59 creatures vanquished.

Notes
Turn   | Place    | Note
-------+----------+-------------------------------------------
     0 | D:1      | gimp the Demigod Wanderer began the quest for the Orb.
     0 | D:1      | gimp set off with the following items: a +0 dagger, 2
                  | atropa-tipped darts, 2 datura-tipped darts, a +0 scale
                  | mail; and the following spells available to memorise:
                  | Corpse Rot, Static Discharge
     0 | D:1      | Reached XP level 1. HP: 16/16 MP: 4/4
   320 | D:1      | Reached XP level 2. HP: 15/23 MP: 6/6
  1383 | D:2      | Reached XP level 3. HP: 23/28 MP: 9/9
  1451 | D:2      | Learned a level 2 spell: Static Discharge
  2189 | D:2      | HP: 1/28 [orc (4)]
  3903 | D:2      | Reached skill level 1 in Conjurations
  4063 | D:3      | Reached XP level 4. HP: 21/35 MP: 5/10
  4854 | D:3      | Noticed a steam dragon
  4857 | D:3      | Engulfed by a steam dragon's steam

Illustrated notes

Levels and vault maps discovered:
D:1:      dpeg_arrival_simpleton_a, layout_basic
D:2:      layout_rooms
D:3:      layout_basic, mainiacjoe_overflow_alcove_4

Skill      XL: |  1  2  3 |
---------------+----------+-----
Air Magic      | 2 3 |  3.7
Spellcasting   | 2 |  2.2
Conjurations   | 1 |  1.6
Fighting       | |  1.0
Armour         | |  1.0
Dodging        | |  1.0
Stealth        | |  3.6

Action                   |  1- 3 |  4- 6 || total
-------------------------+-------+-------++-------
Melee: Dagger            |   254 |    13 ||   267
Throw: Dart              |     1 |       ||     1
 Cast: Static Discharge  |    14 |    13 ||    27
 Stab: Sleeping          |       |     3 ||     3
Armor: Scale mail        |   140 |       ||   140
       Leather armour    |     5 |     3 ||     8
Dodge: Dodged            |   114 |    15 ||   129
       Repelled          |     1 |       ||     1

Table legend: (Time is in decaauts)
 A = Elapsed time spent in this place.
 B = Non-inter-level travel time spent in this place.
 C = Inter-level travel time spent in this place.
 D = Time resting spent in this place.
 E = Time spent auto-exploring this place.
 F = Levels seen in this place.
 G = Mean time per level.
                   A        B        C        D        E       F      G
               +--------+--------+--------+--------+--------+-----+--------+
         Total |   4868 |   4766 |    102 |   1607 |   2124 |   3 | 1622.7 |
       Dungeon |   4868 |   4766 |    102 |   1607 |   2124 |   3 | 1622.7 |
               +--------+--------+--------+--------+--------+-----+--------+

Top non-repeatable levels by time:
     D:2: 2275 daAuts
     D:1: 1772 daAuts
     D:3: 820 daAuts
